 Dungeon Crawl Stone Soup version 0.28-a0-723-g095bd1b44f (webtiles) character file.

Game seed: 11069059020738742139

8 cheechan the Skirmisher (level 2, -2/28 HPs)
             Began as a Naga Chaos Knight on Oct 25, 2021.
             Was a Plaything of Xom.
             Slain by a gnoll (4 damage)
             ... on level 1 of the Dungeon.
             The game lasted 00:01:19 (293 turns).

cheechan the Skirmisher (Naga Chaos Knight)          Turns: 293, Time: 00:01:19

Health: -2/28      AC:  5    Str: 14    XL:     2   Next: 8%
Magic:  2/2        EV:  9    Int: 12    God:    Xom [*.....]
Gold:   10         SH:  0    Dex: 10    Spells: 1/1 levels left

rFire   . . .      SeeInvis +   a - +0 hand axe (freeze)
rCold   . . .      Faith    .   (no shield)
rNeg    . . .      Spirit   .   b - +3 leather armour
rPois   +          Reflect  .   (no helmet)
rElec   .          Harm     .   (no cloak)
rCorr   .          Rampage  .   (no gloves)
Will    +....                   (no barding)
Stlth   +.........              (no amulet)
HPRegen 0.09/turn               c - ring of willpower
MPRegen 0.08/turn               (no ring)

@: very slow
A: AC +0, large, see invisible, deformed body, poison resistance, slowness 2,
spit poison 1, naga tail 1
a: Spit Poison, Renounce Religion


You were on level 1 of the Dungeon.
You worshipped Xom.
You were a special plaything of Xom.
You visited 1 branch of the dungeon, and saw 1 of its levels.

You collected 10 gold pieces.

Inventory:

Hand Weapons
 a - a +0 hand axe of freezing (weapon)
 d - a +0 hunting sling
Armour
 b - a +3 leather armour (worn)
Jewellery
 c - a ring of willpower (left hand)
Scrolls
 e - a scroll of vulnerability {unknown}


   Skills:
 + Level 3.3 Fighting
 + Level 3.2 Axes
 + Level 1.5 Armour
 + Level 0.7 Dodging


You had one spell level left.
You didn't know any spells.
Your spell library was empty.

Dungeon Overview and Level Annotations

Branches:
Dungeon (1/15)

Altars:


Innate Abilities, Weirdness & Mutations

Your serpentine skin is tough. (AC +0)
You have supernaturally acute eyesight. (SInv)
Armour fits poorly on your strangely shaped body.
Your system is resistant to poisons. (rPois)
You cover ground very slowly.
You can spit poison.
You have a snake-like lower body.


Message History

The endoplasm freezes you.
You are frozen.
You hit the endoplasm. You freeze the endoplasm.
You kill the endoplasm!
You see here a +0 ring mail.
You recover from your berserk rage.
Found a mace.
Found a stone staircase leading down.
A rat and a gnoll come into view.
Found 11 stones.
Found an escape hatch in the floor.
Xom's power touches on a nearby monster.
The rat is moving more slowly.
You are now a special plaything of Xom.
The rat stops moving altogether!
The gnoll hits you with a +0 whip.
Abil: Spit Poison
Press: ? - help, Q - select action Shift-Dir - straight line, f - gnoll
Aim: a gnoll, wielding a +0 whip The splash of poison misses the gnoll.
The gnoll hits you with a +0 whip!
You hit the gnoll. You freeze the gnoll.
The gnoll is heavily wounded.
The gnoll hits you with a +0 whip.
* * * LOW HITPOINT WARNING * * *
You closely miss the gnoll.
The gnoll is heavily wounded.
The gnoll hits you with a +0 whip.
* * * LOW HITPOINT WARNING * * *
You barely miss the gnoll.
The gnoll is heavily wounded.
You have got your breath back.
The gnoll hits you with a +0 whip.
* * * LOW HITPOINT WARNING * * *
The gnoll hits you but does no damage.
You hit the gnoll but do no damage.
The gnoll is heavily wounded.
The gnoll closely misses you.
You closely miss the gnoll.
The gnoll is heavily wounded.
The gnoll hits you with a +0 whip.
You die...

######### ..(.....#
>.......# .......$#
.......@# ### .....rg.#
#.. ........#### #..
...........# #..
###+###....# #..
####.###....###########..
>)..........'.........'..
............###########..
.......#....# #..


You could see a gnoll and a rat (petrified).

Vanquished Creatures
  2 endoplasms (D:1)
  2 hobgoblins (D:1)
  A quokka (D:1)
  A kobold (D:1)
  A rat (D:1)
7 creatures vanquished.

Notes
Turn   | Place    | Note
-------+----------+-------------------------------------------
     0 | D:1      | cheechan the Naga Chaos Knight began the quest for the Orb.
     0 | D:1      | Reached XP level 1. HP: 21/21 MP: 1/1
   233 | D:1      | XOM: potion effect (berserk rage)
   237 | D:1      | Reached XP level 2. HP: 28/28 MP: 2/2
   283 | D:1      | XOM: enchant monster (good)
   293 | D:1      | Slain by a gnoll

Illustrated notes

Levels and vault maps discovered:
D:1:      lightli_arrival_statue_moat, layout_basic,
          ebering_ecumenical_altar_webs, chequers_serial_rivers_small_a

Action                   || total
-------------------------++-------
Melee: Hand axe          ||    28
 Abil: Spit Poison       ||     1
  Use: Scroll            ||     2
Armor: Leather armour    ||    10
Dodge: Dodged            ||    12

Table legend: (Time is in decaauts)
 A = Elapsed time spent in this place.
 B = Non-inter-level travel time spent in this place.
 C = Inter-level travel time spent in this place.
 D = Time resting spent in this place.
 E = Time spent auto-exploring this place.
 F = Levels seen in this place.
 G = Mean time per level.
                   A        B        C        D        E       F      G
               +--------+--------+--------+--------+--------+-----+--------+
         Total |    410 |    410 |      0 |      0 |      0 |   1 |  410.0 |
       Dungeon |    410 |    410 |      0 |      0 |      0 |   1 |  410.0 |
               +--------+--------+--------+--------+--------+-----+--------+

Top non-repeatable levels by time:
     D:1: 410 daAuts
